[Event "Titled Tuesday Blitz December 20 Late 2022"]
[White "Tari, Aryan"]
[Black "Thomforde-Toates, Noah"]
[WhiteFideId "1510045"]
[BlackFideId "30951992"]
[WhiteElo "2620"]
[BlackElo "2605"]
[Result "1-0"]
[Round "02"]
[TimeControl "180+1"]
[Date "2022.12.20"]
[WhiteClock "0:01:19"]
[BlackClock "0:00:37"]

1. e4 c5 2. Nc3 g6 3. f4 Bg7 4. Nf3 Nc6 5. Bb5 d6 6. Bxc6+ bxc6 7. d3 Nf6 8. O-O Nd7 9. Qe1 Nb6 10. h3 Bd7 11. Bd2 Qc7 12. Qh4 Bf6 13. Qh6 O-O-O 14. e5 dxe5 15. fxe5 Bxe5 16. Nxe5 Qxe5 17. Rae1 Qd4+ 18. Be3 Qb4 19. Ne4 f5 20. Nxc5 e5 21. Qg7 Qxb2 22. Rb1 Qxc2 23. Rfc1 Qe2 24. Re1 Qxd3 25. Nxd3 1-0


[Site "https://www.chess.com"]

[Event "Titled Tuesday Blitz December 20 Late 2022"]
[White "Tarnowska, Aleksandra"]
[Black "ArchibaldCerveza29"]
[WhiteFideId "1180967"]
[WhiteElo "1776"]
[BlackElo "2444"]
[Result "1/2-1/2"]
[Round "02"]
[TimeControl "180+1"]
[Date "2022.12.21"]
[WhiteClock "0:00:11"]
[BlackClock "0:00:18"]

1. e4 e5 2. Nf3 Nc6 3. Bb5 g6 4. O-O Bg7 5. c3 a6 6. Ba4 Nge7 7. d4 exd4 8. cxd4 b5 9. Bb3 d6 10. Nc3 O-O 11. Nd5 Bg4 12. Nxe7+ Qxe7 13. Bd5 Qd7 14. Bxc6 Qxc6 15. d5 Qd7 16. h3 Bxf3 17. Qxf3 Rfe8 18. Qd3 c5 19. dxc6 Qxc6 20. f3 Rad8 21. Rd1 b4 22. Rb1 a5 23. Bg5 Rd7 24. Be3 Qa4 25. a3 Red8 26. axb4 Qxb4 27. Bd4 Bxd4+ 28. Qxd4 Qxd4+ 29. Rxd4 d5 30. Rbd1 Rb7 31. Rxd5 Rxd5 32. Rxd5 Rxb2 33. Rxa5 Kg7 34. Ra6 h5 35. Kh2 h4 36. Rc6 Ra2 37. Rc4 Kh6 38. e5 Kg5 39. Rc7 Kf5 40. Rxf7+ Kxe5 41. f4+ Ke6 42. Rh7 Kf5 43. Rxh4 Rb2 44. Rg4 Ra2 45. Rh4 Rb2 46. Kg3 Rb3+ 47. Kf2 Rb2+ 48. Kg3 Rb3+ 49. Kh2 Rb2 1/2-1/2


[Site "https://www.chess.com"]

[Event "Titled Tuesday Blitz December 20 Late 2022"]
[White "Ter-Sahakyan, Samvel"]
[Black "Vlassov, Nikolai"]
[WhiteFideId "13302531"]
[BlackFideId "4103360"]
[WhiteElo "2585"]
[BlackElo "2324"]
[Result "1-0"]
[Round "02"]
[TimeControl "180+1"]
[Date "2022.12.20"]
[WhiteClock "0:00:06"]
[BlackClock "0:00:02"]

1. d4 Nf6 2. Nf3 e6 3. c4 Nc6 4. Nc3 Bb4 5. Bd2 O-O 6. a3 Bxc3 7. Bxc3 d6 8. Qc2 Qe7 9. b4 e5 10. dxe5 Nxe5 11. e3 Bg4 12. Be2 Rfe8 13. O-O Nxf3+ 14. Bxf3 Bxf3 15. gxf3 Qe6 16. Qe2 Nh5 17. Kh1 Nf4 18. Qd1 Qxc4 19. Bb2 Nd3 20. Rb1 Nxb2 21. Rxb2 Re6 22. Rc2 Qh4 23. Rg1 c6 24. f4 d5 25. Qf3 Rae8 26. b5 Rh6 27. Rg2 Qe7 28. bxc6 bxc6 29. Rc3 d4 30. Rd3 dxe3 31. Rxe3 Qd7 32. Qg4 f5 33. Rxe8+ Kf7 34. Qxg7+ Kxe8 35. Qg8+ Ke7 36. Rg7+ Kd6 37. Rxd7+ Kxd7 38. Qg7+ 1-0


[Site "https://www.chess.com"]

[Event "Titled Tuesday Blitz December 20 Late 2022"]
[White "TheKnightOfBosnia"]
[Black "Marchesich, Giovanni"]
[BlackFideId "2824790"]
[WhiteElo "2469"]
[BlackElo "2200"]
[Result "0-1"]
[Round "02"]
[TimeControl "180+1"]
[Date "2022.12.21"]
[WhiteClock "0:00:03"]
[BlackClock "0:00:37"]

1. e4 e5 2. Nf3 d5 3. Nc3 dxe4 4. Nxe4 f5 5. Ng3 e4 6. Ng1 Nf6 7. d3 Bc5 8. Be3 Bxe3 9. fxe3 O-O 10. dxe4 Qe7 11. Nf3 Nxe4 12. Bc4+ Kh8 13. Qe2 Be6 14. Nxe4 fxe4 15. Bxe6 exf3 16. Qc4 f2+ 17. Kf1 Nc6 18. e4 Rae8 19. Bd5 Ne5 20. Qd4 c6 21. Bb3 c5 22. Qc3 c4 23. Ba4 Rd8 24. b3 Qd6 25. bxc4 Qd1+ 26. Rxd1 Rxd1+ 27. Ke2 Rxh1 28. Qxe5 f1=Q+ 29. Kd2 Qc1+ 30. Kd3 Rd1+ 0-1


[Site "https://www.chess.com"]

[Event "Titled Tuesday Blitz December 20 Late 2022"]
[White "Toncheva, Nadya"]
[Black "Song, Guannan Terry"]
[WhiteFideId "2924056"]
[BlackFideId "2614189"]
[WhiteElo "2101"]
[BlackElo "2115"]
[Result "1-0"]
[Round "02"]
[TimeControl "180+1"]
[Date "2022.12.21"]
[WhiteClock "0:00:13"]
[BlackClock "0:00:05"]

1. e4 c5 2. Nf3 d6 3. d4 cxd4 4. Nxd4 Nf6 5. Nc3 a6 6. Be3 e5 7. Nf3 Qc7 8. Be2 Be7 9. O-O h6 10. h3 Be6 11. a4 Nbd7 12. Nh2 O-O 13. Ng4 Rac8 14. Qd2 Nxg4 15. Bxg4 Nf6 16. Bf5 Rfd8 17. a5 Qc6 18. Bb6 Rf8 19. Rad1 Rfe8 20. Nd5 Bxf5 21. exf5 Nxd5 22. Qxd5 Qxd5 23. Rxd5 Rxc2 24. b3 Rec8 25. Rfd1 Rb2 26. R1d3 Rcc2 27. Be3 Kf8 28. f6 gxf6 29. Bxh6+ Ke8 30. Be3 f5 31. g3 f6 32. h4 Kf7 33. h5 Rc8 34. h6 Rh8 35. Rc3 f4 36. gxf4 Rxh6 37. fxe5 Rg6+ 38. Kf1 fxe5 39. Rc7 Rxb3 40. Ke2 Rg4 41. Rd1 Ra4 42. Rh1 Ke6 43. Rh6+ Bf6 44. Bg5 Rb2+ 45. Kf3 Ra3+ 46. Kg2 Rxa5 47. Rxf6+ Kd5 48. Rd7 Rb6 49. Rf3 Rc6 50. Be7 Ra4 51. Rxb7 Rg4+ 52. Rg3 Rxg3+ 53. Kxg3 Ke6 54. Bf8 d5 55. Kf3 Kf5 56. Rf7+ Ke6 57. Re7+ Kf5 58. Bg7 e4+ 59. Ke3 Rc4 60. Bd4 Ra4 61. Re5+ Kg4 62. Rxd5 Ra2 63. Kxe4 a5 64. f3+ Kh4 65. Bf6+ Kg3 66. Be5+ Kg2 67. f4 Re2+ 68. Kf5 Kf3 69. Rxa5 Rc2 70. Ra3+ Kg2 71. Ke6 Rc6+ 72. Bd6 Rc4 73. f5 Rc3 74. Rxc3 Kf2 75. f6 Kg2 76. f7 Kf2 77. f8=Q+ Ke2 78. Qf3+ Kd2 79. Qe3+ Kd1 80. Rc1# 1-0


[Site "https://www.chess.com"]

[Event "Titled Tuesday Blitz December 20 Late 2022"]
[White "Tworuszka, Michal"]
[Black "Piliczewski, Bogusz"]
[WhiteFideId "1117858"]
[BlackFideId "1104144"]
[WhiteElo "2419"]
[BlackElo "1896"]
[Result "0-1"]
[Round "02"]
[TimeControl "180+1"]
[Date "2022.12.21"]
[WhiteClock "0:00:01"]
[BlackClock "0:00:12"]

1. d4 d5 2. c4 c6 3. Nf3 Nf6 4. Nc3 e6 5. Bg5 Nbd7 6. e3 Qa5 7. Nd2 Bb4 8. Qc2 O-O 9. Bh4 c5 10. Nb3 Qc7 11. dxc5 dxc4 12. Bxc4 Bxc5 13. Nxc5 Qxc5 14. Be2 b6 15. Bf3 Rb8 16. Bg3 e5 17. O-O Bb7 18. Bxb7 Rxb7 19. Rfd1 Rc8 20. Qf5 Qe7 21. h3 Re8 22. Rd2 Nf8 23. Bh4 Rbb8 24. Nd5 Qe6 25. Nxf6+ gxf6 26. Qxf6 Qxf6 27. Bxf6 Ng6 28. Rad1 h5 29. h4 Rbc8 30. e4 Nf4 31. g3 Ng6 32. Kg2 Nf8 33. Rd5 Ng6 34. Rd7 Rc2 35. Rxa7 Rxb2 36. Rdd7 Rf8 37. Be7 Nxe7 38. Rxe7 Rb5 39. a4 Rc5 40. Rab7 Rc4 41. Rxe5 Rxa4 42. Rg5+ Kh7 43. Rxh5+ Kg6 44. Rg5+ Kh7 45. Rxb6 Rxe4 46. Rf6 Re7 47. h5 Rg8 48. Rxg8 Kxg8 49. g4 Kg7 50. g5 Re5 51. f4 Re2+ 52. Kg3 Re1 53. Kg4 Rg1+ 54. Kf5 Rh1 55. h6+ Kf8 56. Ra6 Rb1 57. Ra8+ Ke7 0-1


[Site "https://www.chess.com"]

[Event "Titled Tuesday Blitz December 20 Late 2022"]
[White "Tymrakiewicz, Rafal"]
[Black "Araujo, Everson De Moura"]
[WhiteFideId "1108832"]
[BlackFideId "22737197"]
[WhiteElo "2139"]
[BlackElo "2035"]
[Result "1-0"]
[Round "02"]
[TimeControl "180+1"]
[Date "2022.12.21"]
[WhiteClock "0:01:02"]
[BlackClock "0:00:03"]

1. d4 d5 2. Nf3 Nf6 3. Bg5 Bf5 4. e3 e6 5. c4 c6 6. Nc3 Nbd7 7. Qb3 Rb8 8. Be2 Be7 9. O-O O-O 10. Rfd1 h6 11. Bh4 Ne4 12. Bxe7 Qxe7 13. Nxe4 Bxe4 14. Rac1 dxc4 15. Qxc4 Bd5 16. Qa4 a6 17. a3 Nf6 18. Ne5 Ne4 19. f3 Nd6 20. e4 b5 21. Qxa6 Ra8 22. Qb6 Bb3 23. Nxc6 Qg5 24. d5 Bxd1 25. Rxd1 Nc4 26. Bxc4 bxc4 27. d6 Rfc8 28. Ne7+ Kh8 29. Nxc8 Rxc8 30. d7 Rd8 31. Qd4 h5 32. Qd2 Qc5+ 33. Qd4 Qg5 34. Qxc4 Qe3+ 35. Kf1 Qf4 36. Qc8 1-0


[Site "https://www.chess.com"]

[Event "Titled Tuesday Blitz December 20 Late 2022"]
[White "UnknownMagician"]
[Black "Paravyan, David"]
[BlackFideId "4194985"]
[WhiteElo "2628"]
[BlackElo "2551"]
[Result "1/2-1/2"]
[Round "02"]
[TimeControl "180+1"]
[Date "2022.12.21"]
[WhiteClock "0:00:29"]
[BlackClock "0:00:15"]

1. c4 Nf6 2. Nf3 g6 3. g3 Bg7 4. Bg2 c6 5. O-O d5 6. cxd5 cxd5 7. d4 O-O 8. Ne5 Nc6 9. Nxc6 bxc6 10. Nc3 h5 11. Bg5 Nh7 12. Bf4 h4 13. Rc1 h3 14. Bh1 Bf5 15. Na4 Rc8 16. Nc5 Re8 17. Qd2 Nf6 18. Bh6 Qd6 19. Bxg7 Kxg7 20. f3 e5 21. e3 exd4 22. exd4 Re7 23. g4 Bd7 24. Rfe1 Rce8 25. Nd3 Qb8 26. b3 Qb6 27. Nc5 Bc8 28. Kf2 Nd7 29. Rxe7 Rxe7 30. Kg3 Nxc5 31. Rxc5 Ba6 32. Kxh3 Qb8 33. Bg2 Re2 34. Qc1 Bb7 35. Rc2 Qe8 36. Kg3 Qb8+ 37. Kh3 Qh8+ 38. Kg3 Qb8+ 39. Kh3 1/2-1/2


[Site "https://www.chess.com"]

[Event "Titled Tuesday Blitz December 20 Late 2022"]
[White "Van Foreest, Jorden"]
[Black "Sammed Jaykumar, Shete"]
[WhiteFideId "1039784"]
[BlackFideId "5073421"]
[WhiteElo "2663"]
[BlackElo "2278"]
[Result "1-0"]
[Round "02"]
[TimeControl "180+1"]
[Date "2022.12.20"]
[WhiteClock "0:02:09"]
[BlackClock "0:01:03"]

1. e4 c5 2. Nf3 d6 3. d4 cxd4 4. Nxd4 Nf6 5. Nc3 a6 6. Bd2 Nc6 7. Nxc6 bxc6 8. Bd3 e5 9. O-O Be7 10. Kh1 O-O 11. Qe2 Re8 12. Rad1 d5 13. exd5 cxd5 14. Qxe5 Bd6 15. Qd4 Ng4 16. Bf4 Bf8 17. Qxd5 Qh4 18. Qxa8 1-0


[Site "https://www.chess.com"]

[Event "Titled Tuesday Blitz December 20 Late 2022"]
[White "Veiga, Jose Francisco R P Neves"]
[Black "Makridis, Dimitrios"]
[WhiteFideId "1930087"]
[BlackFideId "25864475"]
[WhiteElo "2320"]
[BlackElo "2272"]
[Result "0-1"]
[Round "02"]
[TimeControl "180+1"]
[Date "2022.12.21"]
[WhiteClock "0:02:06"]
[BlackClock "0:01:11"]

1. Nf3 d5 2. e3 Nf6 3. c4 g6 4. cxd5 Nxd5 5. Nc3 Bg7 6. d4 O-O 7. e4 Nxc3 8. bxc3 c5 9. Be3 Nc6 10. Rc1 Qa5 11. d5 Ne5 12. Nxe5 Bxe5 13. Qd2 e6 14. c4 Qc7 15. f4 Bg7 16. e5 b6 17. Be2 Bb7 18. Bf3 Rad8 19. d6 Qb8 20. O-O Bxf3 21. Rxf3 f6 22. exf6 Bxf6 23. Rd1 Bd4 24. Bxd4 Rxd6 25. Be5 Rxd2 26. Rxd2 Qb7 27. Rfd3 Qe4 28. Rd7 Qe1# 0-1


[Site "https://www.chess.com"]

[Event "Titled Tuesday Blitz December 20 Late 2022"]
[White "Vetoshko, Volodymyr"]
[Black "Huber, Benedikt"]
[WhiteFideId "14122480"]
[BlackFideId "12923583"]
[WhiteElo "2422"]
[BlackElo "2199"]
[Result "1-0"]
[Round "02"]
[TimeControl "180+1"]
[Date "2022.12.21"]
[WhiteClock "0:00:03"]
[BlackClock "0:00:27"]

1. d4 e6 2. c4 f5 3. g3 Nf6 4. Bg2 Be7 5. Nh3 O-O 6. O-O d6 7. Nf4 c6 8. Nd3 Qc7 9. Nc3 e5 10. d5 c5 11. b3 Bd8 12. Bb2 Qf7 13. Nb5 Ne8 14. Rc1 a6 15. Nc3 Nd7 16. a3 e4 17. Nf4 Ne5 18. f3 exf3 19. exf3 Bg5 20. Nce2 Nf6 21. Rc2 b5 22. Ne6 Bxe6 23. dxe6 Be3+ 24. Kh1 Qxe6 25. f4 Neg4 26. Bxf6 gxf6 27. Bd5 Rfe8 28. Bxe6+ Rxe6 29. Qd5 Re8 30. Qxf5 Nf2+ 31. Kg2 Ne4 32. Nc3 Nd2 33. Nd5 Bd4 34. Rxd2 1-0


[Site "https://www.chess.com"]

[Event "Titled Tuesday Blitz December 20 Late 2022"]
[White "Wieczorek, Oskar"]
[Black "Urbina Perez, Juan Antonio"]
[WhiteFideId "1133950"]
[BlackFideId "2217368"]
[WhiteElo "2415"]
[BlackElo "2197"]
[Result "1-0"]
[Round "02"]
[TimeControl "180+1"]
[Date "2022.12.21"]
[WhiteClock "0:00:06"]
[BlackClock "0:00:02"]

1. e4 c5 2. Nf3 d6 3. d4 cxd4 4. Nxd4 Nf6 5. Nc3 Nc6 6. Be2 g6 7. O-O Bg7 8. Nb3 O-O 9. Re1 a5 10. a4 Nb4 11. Bf3 Be6 12. Nd4 Qc8 13. Ncb5 Bd7 14. c3 Nc6 15. g3 Nxd4 16. cxd4 Bxb5 17. axb5 d5 18. e5 Ne4 19. Bxe4 dxe4 20. Rxe4 Qd7 21. Qd3 e6 22. Bg5 Rfc8 23. Rd1 Qd5 24. Qe3 Qxb5 25. Bh6 Bh8 26. d5 exd5 27. Red4 Qxb2 28. Rxd5 Re8 29. e6 fxe6 30. Rd7 Qe5 31. Qf3 Qf6 32. Qxb7 Rab8 33. Qa7 Ra8 34. Qe3 a4 35. Bg5 Qe5 36. Qd2 a3 37. Bf4 Qf6 38. Qa2 Re7 39. R7d2 g5 40. Be3 Rf8 41. Bd4 Qf5 42. Bxh8 Kxh8 43. Qxa3 Ref7 44. Qc3+ Qf6 45. Qe3 Kg7 46. Re1 Qf3 47. Qd4+ Qf6 48. Qe4 Re7 49. Rde2 Rfe8 50. Qg4 h6 51. Re5 Kg6 52. h4 1-0


[Site "https://www.chess.com"]

[Event "Titled Tuesday Blitz December 20 Late 2022"]
[White "Yedidia, Daniel"]
[Black "Zakhartsov, Vladimir"]
[WhiteFideId "30905907"]
[BlackFideId "4145097"]
[WhiteElo "2570"]
[BlackElo "2535"]
[Result "0-1"]
[Round "02"]
[TimeControl "180+1"]
[Date "2022.12.20"]
[WhiteClock "0:00:15"]
[BlackClock "0:01:07"]

1. d4 Nf6 2. c4 e6 3. Nc3 d5 4. cxd5 Nxd5 5. e4 Nxc3 6. bxc3 c5 7. Rb1 cxd4 8. cxd4 Nc6 9. d5 exd5 10. exd5 Bb4+ 11. Bd2 Bxd2+ 12. Qxd2 Ne7 13. Bb5+ Bd7 14. d6 Nc6 15. Qe3+ Be6 16. Bxc6+ bxc6 17. Rd1 Qa5+ 18. Qd2 Qxd2+ 19. Rxd2 Rb8 20. Nf3 Rb1+ 21. Rd1 Rxd1+ 22. Kxd1 Kd7 23. a3 Kxd6 24. Kc2 Bd5 25. Rd1 Re8 26. Nd4 g6 27. Rd2 Bxg2 28. Nb5+ Kc5 29. Nxa7 Kb6 30. Rd7 Ra8 31. Rxf7 Rxa7 0-1


[Site "https://www.chess.com"]

[Event "Titled Tuesday Blitz December 20 Late 2022"]
[White "Yeritsyan, Hayk"]
[Black "Akrakan"]
[WhiteFideId "13307320"]
[WhiteElo "2426"]
[BlackElo "2093"]
[Result "0-1"]
[Round "02"]
[TimeControl "180+1"]
[Date "2022.12.21"]
[WhiteClock "0:00:02"]
[BlackClock "0:00:16"]

1. d4 d5 2. Nf3 Nf6 3. e3 e6 4. Bd3 Bd6 5. Nbd2 c5 6. c3 Nc6 7. Qe2 Qc7 8. O-O O-O 9. Re1 e5 10. dxc5 Bxc5 11. e4 d4 12. Nb3 Bb6 13. cxd4 exd4 14. h3 Rd8 15. e5 Nd5 16. Qe4 g6 17. Qh4 Nce7 18. Ng5 h5 19. Bd2 Nf5 20. Bxf5 Bxf5 21. g4 Be6 22. gxh5 Qc2 23. Re4 Bf5 24. hxg6 Bxg6 25. Rg4 Ne3 26. fxe3 dxe3 27. Be1 e2+ 28. Kh2 Rd1 29. Nxf7 Kxf7 30. Qf6+ Ke8 31. Rxg6 Qxg6 32. Qxg6+ Kd7 33. Qd6+ Rxd6 34. exd6 Rf8 35. Kg2 Rf1 36. Nd2 Rf6 37. Nf3 Rxd6 38. Bg3 Rd1 39. Ne5+ Ke8 40. Kf3 Rxa1 41. Kxe2 Rxa2 42. Nd3 Ra5 43. Kf3 Rh5 44. Kg4 Rd5 45. Nf4 Rb5 46. h4 Rxb2 47. h5 Rb4 48. h6 Kf7 49. Kf5 Rb5+ 50. Kg4 Bd4 51. Bh4 Bh8 52. Bg5 Rb4 53. Kf5 Rb5+ 54. Kg4 a5 55. Nd3 a4 56. Bf4 a3 57. Be5 Rxe5 58. h7 Ra5 59. Nf4 a2 0-1


[Site "https://www.chess.com"]

[Event "Titled Tuesday Blitz December 20 Late 2022"]
[White "Zeman, Matyas"]
[Black "Smith, Garrett L"]
[WhiteFideId "364398"]
[BlackFideId "2024829"]
[WhiteElo "2254"]
[BlackElo "2217"]
[Result "1-0"]
[Round "02"]
[TimeControl "180+1"]
[Date "2022.12.21"]
[WhiteClock "0:00:38"]
[BlackClock "0:00:18"]

1. d4 Nf6 2. Bg5 d5 3. Nd2 c5 4. e3 Nc6 5. c3 e6 6. Ngf3 Bd7 7. Bd3 h6 8. Bh4 Bd6 9. Qe2 g5 10. Bg3 Bxg3 11. hxg3 g4 12. Ne5 cxd4 13. exd4 Qb6 14. O-O-O h5 15. Nxg4 Nxg4 16. Qxg4 hxg4 17. Rxh8+ Ke7 18. Rxa8 Qc7 19. Rg8 Nxd4 20. Rxg4 Nb5 21. Nb3 a5 22. Bxb5 Bxb5 23. Nd4 Be8 24. Re1 b5 25. Rg7 Kf6 26. Rh7 e5 27. Nf3 b4 28. Kd2 bxc3+ 29. bxc3 Qb6 30. Rh6+ 1-0


[Site "https://www.chess.com"]

[Event "Titled Tuesday Blitz December 20 Late 2022"]
[White "Zhukov, Maksim"]
[Black "Goltsev, Dmitry"]
[WhiteFideId "34181790"]
[BlackFideId "24176710"]
[WhiteElo "1929"]
[BlackElo "2327"]
[Result "1/2-1/2"]
[Round "02"]
[TimeControl "180+1"]
[Date "2022.12.21"]
[WhiteClock "0:00:05"]
[BlackClock "0:00:04"]

1. Nf3 d5 2. g3 c6 3. Bg2 Nf6 4. O-O g6 5. d3 Bg7 6. Nbd2 O-O 7. e4 dxe4 8. Nxe4 Nbd7 9. c3 Qc7 10. Nxf6+ Nxf6 11. d4 Bg4 12. Bf4 Qb6 13. Qb3 Nd5 14. Bd2 e6 15. h3 Bf5 16. Rfe1 a5 17. Qxb6 Nxb6 18. Bf1 h5 19. Ne5 f6 20. Nc4 Nd5 21. f3 e5 22. dxe5 fxe5 23. Nxe5 Rae8 24. Nc4 a4 25. Rxe8 Rxe8 26. Nd6 Rd8 27. Nxf5 gxf5 28. Bc4 b5 29. Bxd5+ Rxd5 30. Be3 a3 31. bxa3 Rd3 32. Kf2 Rxc3 33. Rc1 Rxa3 34. Rxc6 Rxa2+ 35. Kg1 Ra3 36. Kf2 Bf8 37. Rc8 Ra2+ 38. Kg1 Kf7 39. Rc7+ Ke6 40. Rb7 b4 41. g4 fxg4 42. fxg4 hxg4 43. hxg4 Kd5 44. g5 Ke4 45. Bf2 Bd6 46. g6 Kf3 47. Rf7+ Bf4 48. Bd4 Rg2+ 49. Kf1 Rxg6 50. Be5 Rg4 51. Bxf4 b3 52. Be5+ Ke4 53. Ke1 Kxe5 54. Kd2 Rc4 55. Rb7 Rc2+ 56. Kd3 Rg2 57. Rxb3 Rg3+ 58. Kc2 Rxb3 59. Kxb3 1/2-1/2


[Site "https://www.chess.com"]

[Event "Titled Tuesday Blitz December 20 Late 2022"]
[White "aidenzhouu"]
[Black "Bobadilla Viera, Jorge Samuel"]
[BlackFideId "3906353"]
[WhiteElo "2388"]
[BlackElo "2182"]
[Result "1/2-1/2"]
[Round "02"]
[TimeControl "180+1"]
[Date "2022.12.21"]
[WhiteClock "0:00:14"]
[BlackClock "0:00:18"]

1. d4 Nf6 2. c4 e6 3. Nf3 d5 4. g3 Bb4+ 5. Bd2 Be7 6. Bg2 O-O 7. O-O Nbd7 8. Qc2 Ne4 9. Nc3 Nxd2 10. Nxd2 c6 11. e4 dxe4 12. Ndxe4 f5 13. Nd2 e5 14. d5 e4 15. Nb3 Ne5 16. Rad1 Qe8 17. d6 Bf6 18. Rfe1 Be6 19. Nc5 Bxc4 20. d7 Qe7 21. Nxb7 Qb4 22. Nd6 Bd3 23. Qb3+ Qxb3 24. axb3 Nxd7 25. f3 exf3 26. Bxf3 Bc2 27. Rd2 Bxb3 28. Bxc6 Ne5 29. Bxa8 Rxa8 30. Kg2 Rd8 31. Nd5 Bxd5+ 32. Rxd5 Nc4 33. Re6 a5 34. Kh3 a4 35. Nxc4 Rxd5 36. Nd6 h6 37. Re8+ Kh7 38. Nc4 Rd4 39. Ne3 f4 40. Ng4 Bd8 41. gxf4 Bc7 42. f5 Rd3+ 43. Kg2 Bf4 44. Re7 Kg8 45. Ra7 Rb3 46. Rxa4 Bg5 47. h4 Rxb2+ 48. Kh3 Rb3+ 49. Kg2 Bxh4 50. Nxh6+ gxh6 51. Rxh4 Kg7 52. Rg4+ Kh7 53. Rf4 Kg7 54. Rf3 Rb4 55. Kg3 Kf6 56. Rf4 Rb3+ 57. Kg4 Rb5 58. Kh5 Rxf5+ 59. Rxf5+ Kxf5 60. Kxh6 1/2-1/2


[Site "https://www.chess.com"]

[Event "Titled Tuesday Blitz December 20 Late 2022"]
[White "benny_aizenberg"]
[Black "Kleiman, Jake"]
[BlackFideId "2020041"]
[WhiteElo "2390"]
[BlackElo "2654"]
[Result "1-0"]
[Round "02"]
[TimeControl "180+1"]
[Date "2022.12.21"]
[WhiteClock "0:01:32"]
[BlackClock "0:00:13"]

1. e4 e5 2. Nf3 Nc6 3. d4 exd4 4. Nxd4 Bb4+ 5. c3 Bc5 6. Be3 Bb6 7. Bc4 Nf6 8. Nd2 O-O 9. O-O Re8 10. Nxc6 bxc6 11. Bxb6 axb6 12. Re1 d5 13. exd5 cxd5 14. Bb5 Bd7 15. Bxd7 Qxd7 16. Nf3 Qd6 17. a4 c5 18. Qd3 Rxe1+ 19. Nxe1 Qc6 20. b3 h6 21. Nf3 Re8 22. h3 Re4 23. a5 bxa5 24. Rxa5 g6 25. Ra6 c4 26. Rxc6 cxd3 27. Rxf6 Re2 28. Kf1 Rc2 29. Ke1 Rxc3 30. Nd4 Rc1+ 31. Kd2 Ra1 32. Kxd3 Ra2 33. b4 Kg7 34. Rf3 f5 35. b5 Kf6 36. Kc3 Ke5 37. Re3+ Kd6 38. Re6+ Kc7 39. Rxg6 Rxf2 40. Rxh6 Rxg2 41. Nxf5 Rf2 42. Ne3 Rf3 43. Kd4 Rf4+ 44. Kc5 Kb7 45. Rh7+ Kb8 46. Nxd5 Rf8 47. Kc6 Rc8+ 48. Kb6 Ka8 49. Ra7+ Kb8 50. Rb7+ Ka8 51. Nc7+ Rxc7 52. Rxc7 1-0


[Site "https://www.chess.com"]

[Event "Titled Tuesday Blitz December 20 Late 2022"]
[White "gshwbedhkhd"]
[Black "Sjugirov, Sanan"]
[BlackFideId "4189302"]
[WhiteElo "2593"]
[BlackElo "2613"]
[Result "0-1"]
[Round "02"]
[TimeControl "180+1"]
[Date "2022.12.21"]
[WhiteClock "0:00:04"]
[BlackClock "0:00:12"]

1. e4 c5 2. Nf3 Nc6 3. d4 cxd4 4. Nxd4 Nf6 5. Nc3 d6 6. Nd5 Bd7 7. Nxf6+ gxf6 8. Be3 Rc8 9. Be2 Rg8 10. g3 Nxd4 11. Bxd4 Bc6 12. Bf3 f5 13. exf5 Qa5+ 14. c3 Qxf5 15. Bxc6+ bxc6 16. O-O c5 17. Be3 Bg7 18. Re1 Be5 19. Qa4+ Qd7 20. Qh4 Qf5 21. Qa4+ Qd7 22. Qh4 Rg7 23. Rad1 Qg4 24. Qh6 Kf8 25. f4 Bf6 26. Bf2 Kg8 27. f5 Bg5 28. h3 Qf3 0-1


[Site "https://www.chess.com"]

[Event "Titled Tuesday Blitz December 20 Late 2022"]
[White "monkins"]
[Black "Haydon, David L"]
[BlackFideId "415405"]
[WhiteElo "2235"]
[BlackElo "2318"]
[Result "0-1"]
[Round "02"]
[TimeControl "180+1"]
[Date "2022.12.21"]
[WhiteClock "0:00:01"]
[BlackClock "0:01:34"]

1. Nf3 c6 2. g3 d5 3. Bg2 Bg4 4. O-O e6 5. d3 Bd6 6. c4 Ne7 7. Nbd2 Nd7 8. Rb1 a5 9. a3 a4 10. Re1 Nc5 11. d4 Ne4 12. Nxe4 dxe4 13. Ng5 Bf5 14. Nxe4 Bc7 15. Ra1 O-O 16. Be3 Bg6 17. Nc5 Nf5 18. Nxb7 Qc8 19. Nc5 Nxe3 20. fxe3 e5 21. Bxc6 Ra7 22. Bxa4 Bb6 23. b4 Rd8 24. Bc2 Bxc2 25. Qxc2 exd4 26. exd4 Rxd4 27. e3 Rg4 28. Qe2 Bxc5 29. bxc5 h5 30. Red1 Qxc5 31. Rd5 Qxc4 32. Qxc4 Rxc4 33. Rxh5 Rca4 34. Rd5 Rxa3 35. Rd8+ Kh7 36. Rxa3 Rxa3 37. Re8 Kg6 38. Kg2 f6 0-1


[Site "https://www.chess.com"]

[Event "Titled Tuesday Blitz December 20 Late 2022"]
[White "reevecanada"]
[Black "Sztokbant, Bernardo Vainzoff"]
[BlackFideId "2115956"]
[WhiteElo "2164"]
[BlackElo "2222"]
[Result "1/2-1/2"]
[Round "02"]
[TimeControl "180+1"]
[Date "2022.12.21"]
[WhiteClock "0:00:31"]
[BlackClock "0:00:03"]

1. e4 c5 2. Nf3 d6 3. Bb5+ Bd7 4. Bxd7+ Qxd7 5. O-O Nc6 6. Re1 e6 7. c3 Nf6 8. d4 cxd4 9. cxd4 Be7 10. d5 Ne5 11. dxe6 Qxe6 12. Nd4 Qd7 13. f4 Nc6 14. Nf5 O-O 15. Qf3 Rfe8 16. g4 Bf8 17. Nc3 g6 18. Ne3 Nd4 19. Qd1 Ne6 20. Ned5 Nxd5 21. Nxd5 Bg7 22. f5 Nc5 23. Bh6 Be5 24. Qf3 Na4 25. Rab1 Nb6 26. Ne3 Rac8 27. Kh1 Nc4 28. Nd5 Nb6 29. Ne3 Nc4 30. Nd5 Nb6 31. Rbd1 Nxd5 32. Rxd5 Rc5 33. Rd2 Qc6 34. Bf4 Bxf4 35. Qxf4 Rce5 36. Rde2 d5 37. f6 dxe4 38. Rf1 e3+ 39. Kg1 g5 40. Qg3 Re4 41. Qg2 Qe6 42. h3 Rd8 43. Qf3 h6 44. Rfe1 Re8 45. Kg2 Rf4 46. Qxb7 Qxf6 47. Qd7 Rf2+ 48. Kg1 Re7 49. Qd8+ Kg7 50. Rxe3 Rxe3 51. Qxf6+ Kxf6 52. Rxe3 Rxb2 53. Ra3 Rb7 54. Ra6+ Kg7 55. Kf2 Re7 56. a4 h5 57. gxh5 Rd7 58. Kg3 Rd3+ 59. Kg4 f6 60. Rxa7+ Kh6 61. Ra6 Rd4+ 62. Kf5 Rf4+ 63. Ke6 Kxh5 64. Kf7 Kh4 65. Rxf6 Rxa4 66. Rh6+ Kg3 67. Kg6 Rh4 68. Kxg5 Rxh6 69. Kxh6 Kxh3 1/2-1/2


[Site "https://www.chess.com"]

[Event "Titled Tuesday Blitz December 20 Late 2022"]
[White "Adel, Sara"]
[Black "Muhammad, Shahzeb"]
[WhiteFideId "10616764"]
[BlackFideId "7804806"]
[WhiteElo "1997"]
[BlackElo "2380"]
[Result "0-1"]
[Round "03"]
[TimeControl "180+1"]
[Date "2022.12.21"]
[WhiteClock "0:00:11"]
[BlackClock "0:00:33"]

1. e4 d5 2. exd5 Nf6 3. d4 Nxd5 4. Nf3 g6 5. c3 Bg7 6. Bd3 O-O 7. O-O Nd7 8. Qc2 c5 9. Be3 Nxe3 10. fxe3 cxd4 11. exd4 e5 12. Nbd2 exd4 13. cxd4 Nb6 14. Nb3 Be6 15. Ne5 Bxb3 16. Qc5 Bd5 17. Rf4 Rc8 18. Qb4 Be6 19. Be4 Nd5 20. Bxd5 Qxd5 21. Raf1 Rc2 22. Nf3 Bh6 23. Rh4 Be3+ 24. Kh1 Bg5 25. Rxh7 Rfc8 26. Rh4 Bxh4 27. Nxh4 Rc1 28. Re1 Rxe1+ 29. Qxe1 Qe4 30. Qd1 Qxh4 31. h3 Bxh3 32. gxh3 Qxh3+ 33. Kg1 Qe3+ 34. Kg2 Rc1 35. d5 Rxd1 36. d6 Rd2+ 37. Kf1 Qf2# 0-1


[Site "https://www.chess.com"]

[Event "Titled Tuesday Blitz December 20 Late 2022"]
[White "Alex_Sahakyan2006"]
[Black "Kleinman, Michael"]
[BlackFideId "2609479"]
[WhiteElo "2623"]
[BlackElo "2287"]
[Result "1-0"]
[Round "03"]
[TimeControl "180+1"]
[Date "2022.12.21"]
[WhiteClock "0:01:36"]
[BlackClock "0:00:37"]

1. c4 c5 2. Nf3 Nc6 3. Nc3 Nf6 4. e3 e6 5. d4 d5 6. a3 a6 7. dxc5 Bxc5 8. b4 Be7 9. cxd5 exd5 10. Bb2 O-O 11. Bd3 Bg4 12. Ne2 Rc8 13. h3 Bh5 14. Nf4 Bg6 15. Nxg6 hxg6 16. O-O Re8 17. Qb3 Ne4 18. Rad1 Nf6 19. Bb1 Qd6 20. e4 Bd8 21. exd5 Ne7 22. Be5 Qd7 23. d6 Nc6 24. Bb2 Re6 25. Ng5 Re2 26. Bxg6 Bb6 27. Bxf7+ Kh8 28. Bxf6 gxf6 29. Qf3 fxg5 30. Qh5+ Kg7 31. Qg6+ Kf8 32. Qg8# 1-0


[Site "https://www.chess.com"]